 Dungeon Crawl Stone Soup version 0.31.0-11-ge490571c62 (webtiles) character file.

Game seed: 7260426658576560301

32 SnakkuSnakku7 the Caller (level 3, -2/29 HPs)
             Began as a Ghoul Summoner on Jan 26, 2024.
             Slain by Terence
             ... wielding a +0 falchion
              (6 damage)
             ... on level 2 of the Dungeon.
             The game lasted 00:01:25 (621 turns).

SnakkuSnakku7 the Caller (Ghoul Summoner)            Turns: 621, Time: 00:01:26

Health: -2/29      AC:  3    Str: 13    XL:     3   Next: 27%
Magic:  5/5        EV: 12    Int: 14    God:
Gold:   41         SH:  0    Dex:  9    Spells: 4/5 levels left

rFire   . .          .
                       - Unarmed
rCold   + . .        (no shield)
rNeg    + + +        a - +0 robe
rPois   ∞            (no helmet)
rElec   .            (no cloak)
rCorr   +            (no gloves)
SInv    .            d - +0 pair of boots
Will    .....        e - amulet of the acrobat
Stlth   ++           j - ring of resist corrosion
HPRegen 0.00/turn    (no ring)
MPRegen 0.09/turn

%: acrobat
@: inhibited regen
A: claws 1, cold resistance 1, negative energy resistance 3, inhibited
regeneration, torment resistance 2, devour on kill
a: no special abilities


You were on level 2 of the Dungeon.
You visited 1 branch of the dungeon, and saw 2 of its levels.

You collected 41 gold pieces.

Inventory:

Armour
 a - a +0 robe (worn)
 d - a +0 pair of boots (worn)
Jewellery
 e - an amulet of the acrobat (around neck)
 j - a ring of resist corrosion (left claw)
Scrolls
 f - 2 scrolls of enchant weapon {unknown}
 h - a scroll of noise {unknown}
 i - a scroll of identify {unknown}
Potions
 b - 2 potions of magic
 c - a potion of brilliance {unknown}
 g - a potion of curing {unknown}


   Skills:
 + Level 2.1 Fighting
 - Level 1.7 Dodging
 - Level 2.1 Stealth
 + Level 2.1 Unarmed Combat
 - Level 1.7 Spellcasting
 - Level 3.6 Summonings


You had 4 spell levels left.
You knew the following spells:

 Your Spells              Type           Power      Damage    Failure   Level
a - Summon Small Mammal   Summ           44%        N/A       5%          1

Your spell library contained the following spells:

 Spells                   Type           Power      Damage    Failure   Level
 Call Imp                 Summ           22%        N/A       9%          2
 Call Canine Familiar     Summ           11%        N/A       17%         3
 Summon Blazeheart Golem  Fire/Summ      6%         N/A       75%         4
 Summon Lightning Spire   Summ/Air       6%         N/A       75%         4


Dungeon Overview and Level Annotations

Branches:
Dungeon (2/15)

Altars:
Wu Jian

Annotations:
D:2 Terence


Innate Abilities, Weirdness & Mutations

You are immune to poison.
You have sharp fingernails.
Your flesh is cold resistant. (rC+)
You are immune to negative energy. (rN+++)
You do not regenerate when monsters are visible.
You are immune to unholy pain and torment.
You thrive by killing the living.


Message History

You scratch Terence.
Terence is heavily wounded.
Terence hits you with a +0 falchion.
You scratch Terence but do no damage.
Terence is heavily wounded.
Terence misses you.
You scratch Terence but do no damage.
Terence is heavily wounded.
Terence barely misses you.
You scratch Terence but do no damage.
Terence is heavily wounded.
Terence completely misses you.
You barely miss Terence.
Terence is heavily wounded.
Terence hits you but does no damage.
You scratch Terence but do no damage.
Terence is heavily wounded.
Terence barely misses you.
You scratch Terence but do no damage.
Terence is heavily wounded.
Terence misses you.
You scratch Terence.
Terence is heavily wounded.
Terence misses you.
You scratch Terence.
Terence is severely wounded.
Terence hits you with a +0 falchion.
You scratch Terence but do no damage.
Terence is severely wounded.
Terence hits you with a +0 falchion.
* * * LOW HITPOINT WARNING * * *
You scratch Terence.
Terence is almost dead.
Terence hits you with a +0 falchion.
* * * LOW HITPOINT WARNING * * *
You scratch Terence but do no damage.
Terence is almost dead.
Terence hits you with a +0 falchion.
You die...
Terence says, "Time to find some more victims."

. #.. ..# # #.
#.###.g#
.#.###########.#....#
................>#
####.....######.#.#
..........## #...#
###.._....# ###.#
#.......# ###.####
#....@..## #.....|#
#...@#...###.#.#.##
#...##.#...#.#.#.#
#... #.#.....#...#
..... #.#.....#.###
....## .###.....#
.... .# #.....# ###
.# ####..# #..#


You could see Terence.

Vanquished Creatures
  3 dart slugs (D:1)
  3 ball pythons (D:1)
  A bat (D:1)
  5 endoplasms (D:1)
  A giant cockroach (D:1)
  3 hobgoblins (D:1)
  A quokka (D:1)
  2 frilled lizards
  4 kobolds (D:1)
  2 rats
25 creatures vanquished.

Notes
Turn   | Place    | Note
-------+----------+-------------------------------------------
     0 | D:1      | SnakkuSnakku7 the Ghoul Summoner began the quest for the
                  | Orb.
     0 | D:1      | Reached XP level 1. HP: 14/14 MP: 3/3
    82 | D:1      | Reached skill level 1 in Fighting
    82 | D:1      | Reached skill level 1 in Unarmed Combat
    82 | D:1      | Reached XP level 2. HP: 22/23 MP: 4/4
   246 | D:1      | Reached XP level 3. HP: 24/29 MP: 5/5
   558 | D:2      | Found an ornate altar of the Wu Jian Council.
   591 | D:2      | Noticed Terence
   621 | D:2      | Slain by Terence

Illustrated notes

Levels and vault maps discovered:
D:1:      evilmike_arrival_plus, layout_rooms, nicolae_kite_square_tiling_tiny,
          minmay_misc_feat_nine_boxes, minmay_tripent
D:2:      layout_basic, basic_altar, uniq_natasha, uniq_terence

Skill      XL: |  1  2  3 |
---------------+----------+-----
Fighting       | 1 2 |  2.1
Unarmed Combat | 1 2 |  2.1
Dodging        | |  1.7
Stealth        | |  2.1
Spellcasting   | |  1.7
Summonings     | |  3.6

Action                     || total
---------------------------++-------
  Melee: Unarmed           ||   112
         Punch             ||     2
 Armour: Robe              ||    45
  Dodge: Dodged            ||    69
